cohdb
Replays
Latest Replays
All Replays
Popular Replays
Top Player Replays
Match Explorer
How It Works
Community
CoH3 Stats
Reddit
Sign in to upload your games and track your stats! →
Sign in with Steam
Match 42293958
Unlisted
Match 42293958
Overview
Messages
Build Orders
End
Construct Infanterie Kompanie
Pioneer Squad
MG 42 Machine Gun Team
Grenadier Squad
Selects Italian Coastal Battlegroup
Selects Coastal Reserves
Coastal Reserve
Construct Panzergrenadier Kompanie
MG 42 Bunker
MG 42 Bunker
Selects Support Bunkers
Support Elements
MG 42 Bunker
Selects Designated Artillery Overwatch
Coastal Reserve
MG 42 Bunker
Designated Artillery Overwatch
StuG III G Assault Gun
Selects Bulwark
Nebelwerfer 42 Rocket Launcher Team
Designated Artillery Overwatch
StuG III G Assault Gun
Pak 40 Anti-tank Gun Team
Nebelwerfer 42 Rocket Launcher Team
Selects Artillery Officer
MG 42 Bunker
Selects Obice da 210/22 Artillery Emplacement
MG 42 Bunker
Designated Artillery Overwatch
cbigney
Valdai
White pigs delete the game
Sailor
张学良
The sexy Ginger
雷曼尔EX
SC2-Protoss
0
0
Comments
sign in to comment!
No comments posted yet!